Cogmind - Beta 10.2 @@@ ROGUE MODE // 2021.02.18 @ 15:47:07 Player: leiavoia Result: Destroyed by G-47 Trooper with Particle Gun Performance ------------- Evolutions (2) 1000 Regions Visited (4) 800 Robots Destroyed (17) 85 Value Destroyed (867) 867 Prototype IDs (6) 120 Alien Tech Used (0) 0 Bonus (700) 700 TOTAL SCORE: 3572 Bonus ------- Entered Garrisons 200 Used RIF Installer 500 Cogmind --------- Core Integrity 0/550 Matter 69/300 Energy 14/100 System Corruption 0% Temperature Cool (241) Movement Core (1150) Ox22 Location -8/Garrison Parts ------- > --- POWER (1) -------- (None) > --- PROPULSION (2) --- (None) > --- UTILITY (6) ------ High-capacity Storage Unit High-capacity Storage Unit Signal Interpreter Armor Integrity Analyzer > --- WEAPON (2) ------- Improved Medium Laser Assault Rifle > --- INVENTORY (20) --- Light Ion Engine Light Deuterium Engine Wheel High-capacity Storage Unit High-capacity Storage Unit Sensor Array Relay Coupler [Grunt] (32) Relay Coupler [Grunt] (31) Relay Coupler [Grunt] (27) Hammer Peak State ------------ > --- POWER ------------ Improved Ion Engine > --- PROPULSION ------- Wheel Armored Wheel > --- UTILITY ---------- High-capacity Storage Unit High-capacity Storage Unit Improved Sensor Array Signal Interpreter Improved Terrain Scanner Armor Integrity Analyzer > --- WEAPON ----------- Heavy Particle Gun Heavy Particle Gun > --- INVENTORY -------- Light Ion Engine Light Ion Engine Light Deuterium Engine Light Treads Light Treads Wheel Compact Wheel Small Storage Unit High-capacity Storage Unit High-capacity Storage Unit Sensor Array Heavy EM Shotgun Beam Rifle Improved Medium Laser Improved Medium Laser Improved Medium Laser Assault Rifle Light Assault Rifle Heavy Assault Rifle Hammer [Rating: 25] Favorites ----------- Power Light Ion Engine Engine Light Ion Engine Propulsion Wheel Treads Light Treads Leg Aluminum Leg Wheel Wheel Utility High-capacity Storage Unit Device Improved Terrain Scanner Storage High-capacity Storage Unit Processor Signal Interpreter Protection Light Armor Plating Weapon Assault Rifle Energy Gun Heavy Particle Gun Ballistic Gun Assault Rifle Ballistic Cannon Light Cannon Build | -11 -10 -9 -8 -8 ------- Run | Scr Mat Mat Mat Gar Slots Evolved 4 | . . 2 2 . Power . | . . . . . Propulsion . | . . . . . Utility 4 | . . 2 2 . Weapon . | . . . . . Parts Attached 36 | 6 2 7 7 14 Power 3 | 1 . 1 . 1 Engine 3 | 1 . 1 . 1 Core . | . . . . . Reactor . | . . . . . Propulsion 7 | 2 . 1 . 4 Treads 2 | . . . . 2 Leg 1 | . . . . 1 Wheel 4 | 2 . 1 . 1 Hover . | . . . . . Flight . | . . . . . Utility 10 | 1 2 2 4 1 Device 4 | . . 2 2 . Storage 3 | 1 2 . . . Processor 2 | . . . 2 . Hackware . | . . . . . Protection 1 | . . . . 1 Artifact . | . . . . . Weapon 16 | 2 . 3 3 8 Energy Gun 8 | . . 2 2 4 Energy Cannon . | . . . . . Ballistic Gun 4 | 2 . . . 2 Ballistic Cannon 4 | . . 1 1 2 Launcher . | . . . . . Special Weapon . | . . . . . Impact Weapon . | . . . . . Slashing Weapon . | . . . . . Piercing Weapon . | . . . . . Special Melee Weapon . | . . . . . Unidentified Prototypes 3 | . . 1 1 1 Parts Lost 18 | . . 1 . 17 Power 2 | . . . . 2 Propulsion 6 | . . . . 6 Utility 4 | . . 1 . 3 Weapon 6 | . . . . 6 Highest Loss Streak 12 | . . 1 . 12 Average Slot Usage (%) 91 | . 98 95 98 81 Engine 8 | . 14 11 9 3 Treads 2 | . . . . 6 Wheel 18 | . 28 22 18 9 Device 12 | . . 17 18 9 Storage 21 | . 26 22 18 18 Processor 7 | . . . 17 18 Energy Gun 3 | . . 2 11 5 Ballistic Gun 8 | . 28 10 . . Ballistic Cannon 7 | . . 9 6 11 Naked Turns . | . . . . . Heaviest Build 79 | 10 70 79 79 79 Greatest Support 40 | 26 26 26 22 40 Greatest Overweight (x) 6 | . 2 3 3 6 Average Overweight (x) 2 | . 1 2 3 4 Largest Inventory Capacity 20 | 6 20 20 20 20 Average Capacity 19 | 4 18 20 20 20 Most Carried 20 | 4 10 20 20 20 Average Carried 15 | 2 7 15 19 18 Final Capacity 20 | 6 20 20 20 20 Final Carried 20 | 4 10 20 20 10 Class Distribution -------------------- 74% | Hauler-Mutant 19% | Hauler-Skirmisher 5% | Mutant Dominant Class ---------------- Hauler-Mutant | -10/Materials Hauler-Mutant | -9/Materials Hauler-Skirmisher | -8/Materials Hauler-Mutant | -8/Garrison Resources | -11 -10 -9 -8 -8 ----------- Run | Scr Mat Mat Mat Gar Matter Collected 625 | 240 21 236 . 128 Remotely . | . . . . . Salvage Created 779 | . 21 299 106 353 Parts 39 | . 3 13 7 16 Haulers Intercepted 2 | . . 2 . . Recyclers Shooed 1 | . . 1 . . Parts Field Recycled . | . . . . . Retrieved Matter . | . . . . . Parts Self-Destructed . | . . . . . Prevented . | . . . . . Kills | -11 -10 -9 -8 -8 ------- Run | Scr Mat Mat Mat Gar Combat Hostiles Destroyed 14 | . . 4 2 8 Melee 1 | . . . . 1 Guns 8 | . . 3 2 3 Cannons 5 | . . 1 . 4 Classes Destroyed 5 | . 1 2 1 1 Hauler 2 | . . 2 . . Watcher 1 | . 1 . . . Grunt 5 | . . . 2 3 Duelist 2 | . . . . 2 Sentry 7 | . . 4 . 3 Best Kill Streak 6 | . 1 1 2 6 Combat Bots Only 6 | . . 1 2 6 Max Kills in Single Turn 1 | . 1 1 1 1 Gunslinging . | . . . . . Exploded . | . . . . . Melee 1 | . . . . 1 Uniques/NPCs Destroyed . | . . . . . Combat | -11 -10 -9 -8 -8 -------- Run | Scr Mat Mat Mat Gar Damage Taken 2868 | . . 329 160 2379 Core 658 | . . 94 17 547 Absorbed by Shields 13 | . . . . 13 Core Remaining (%) 92 | 100 100 76 . . Volleys Fired 69 | . 2 23 6 38 Largest 2 | . 2 2 2 2 Hottest 111 | . 40 91 91 111 Shots Fired 134 | . 4 46 12 72 Gun 66 | . 4 23 6 33 Cannon 68 | . . 23 6 39 Launcher . | . . . . . Special . | . . . . . Kinetic 94 | . 4 40 6 44 Thermal 36 | . . 6 6 24 Explosive . | . . . . . Electromagnetic 4 | . . . . 4 Robot Hit Streak 10 | . 2 5 4 10 Robot Miss Streak 6 | . 1 4 4 6 Penetration Max . | . . . . . Secondary Targets . | . . . . . Shots Hit Robots 80 | . 2 24 7 47 Core Hits 36 | . 1 11 4 20 Critical Hits 1 | . . . . 1 Critical Kills . | . . . . . Critical Parts Destroyed 1 | . . . . 1 Melee Attacks . | . . . . . Impact . | . . . . . Slashing . | . . . . . Piercing . | . . . . . Sneak Attacks . | . . . . . Combat Hostiles . | . . . . . Follow-up Attacks . | . . . . . Damage Inflicted 1496 | . 13 368 122 993 Guns 692 | . 13 189 68 422 Cannons 801 | . . 179 54 568 Explosions . | . . . . . Melee . | . . . . . Ramming 3 | . . . . 3 Kinetic 1029 | . 13 318 54 644 Thermal 387 | . . 50 68 269 Explosive . | . . . . . Electromagnetic 77 | . . . . 77 Impact . | . . . . . Slashing . | . . . . . Piercing . | . . . . . Highest Corruption . | . . . . . Average Corruption . | . . . . . Corruption Purged . | . . . . . Overload Shots . | . . . . . Overflow Damage 2 | . . . . 2 Projectiles 2 | . . . . 2 Explosions . | . . . . . Melee . | . . . . . Knockbacks 12 | . . 1 1 10 Impact . | . . . . . Kinetic 12 | . . 1 1 10 Secondary . | . . . . . Self-Inflicted Damage . | . . . . . Shots . | . . . . . Rammed . | . . . . . Targets Rammed 1 | . . . . 1 Kicked . | . . . . . Crushed 1 | . . . . 1 Highest Temperature 337 | . . 66 171 337 Average Temperature 115 | . . 20 91 140 Received Heat Transfer 1395 | . . 108 90 1197 Effects 4 | . . . . 4 Shutdowns 1 | . . . . 1 Energy Bleed 1 | . . . . 1 Damage (minor) 2 | . . . . 2 Siege Activations . | . . . . . Robots Corrupted . | . . . . . Combat Hostiles . | . . . . . Parts Fried . | . . . . . Impact Corruptions . | . . . . . Robots Melted . | . . . . . Combat Hostiles . | . . . . . Parts Melted . | . . . . . Heat Transferred 737 | . . 111 148 478 Parts Sabotaged . | . . . . . Parts Stolen . | . . . . . Parts Stripped . | . . . . . Power Chain Reactions . | . . . . . Missiles Intercepted . | . . . . . Alert | -11 -10 -9 -8 -8 ------- Run | Scr Mat Mat Mat Gar Peak Influence 263 | . 41 194 75 263 Initial 48 | . . 16 20 48 Average 75 | . 8 89 38 114 Maximum Alert Level 1 | . . . . 1 Low Security (%) 95 | 100 100 100 100 85 Level 1 4 | . . . . 14 Level 2 . | . . . . . Level 3 . | . . . . . Level 4 . | . . . . . Level 5 . | . . . . . High Security . | . . . . . Max Security . | . . . . . Squads Dispatched 2 | . . 2 . . Investigation 1 | . . 1 . . Extermination . | . . . . . Reinforcement 1 | . . 1 . . Assault . | . . . . . Garrison . | . . . . . Intercept . | . . . . . Construction Impeded . | . . . . . Haulers Reinforced . | . . . . . Stealth | -11 -10 -9 -8 -8 --------- Run | Scr Mat Mat Mat Gar Distress Signals 1 | . . . 1 . Communications Jammed . | . . . . . Distress Signals . | . . . . . Times Spotted 37 | . 2 7 4 24 Peak Tracking Total 14 | . 1 2 2 14 Tactical Retreats 6 | . . . . 6 Traps | -11 -10 -9 -8 -8 ------- Run | Scr Mat Mat Mat Gar Traps Triggered 2 | . . . . 2 Indirectly . | . . . . . Trap Hack Attempts . | . . . . . Triggered . | . . . . . Disarmed . | . . . . . Reprogrammed . | . . . . . Reused . | . . . . . Traps Extracted . | . . . . . Installed . | . . . . . Triggered . | . . . . . Machines | -11 -10 -9 -8 -8 ---------- Run | Scr Mat Mat Mat Gar Machines Disabled 1 | . . . . 1 Max in Single Turn 1 | . . . . 1 Garrison Relay 1 | . . . . 1 Machines Sabotaged . | . . . . . Garrisons Compromised . | . . . . . Overloaded Fab Kills . | . . . . . Fab Network Shutdowns . | . . . . . Hacking | -11 -10 -9 -8 -8 --------- Run | Scr Mat Mat Mat Gar Machines Accessed 7 | . 4 2 1 . Terminals 4 | . 2 2 . . Fabricators . | . . . . . Repair Stations . | . . . . . Recycling Units 2 | . 2 . . . Scanalyzers . | . . . . . Garrison Access 1 | . . . 1 . Total Hacks 11 | . 5 5 1 . Successful 5 | . 3 1 1 . Failed 6 | . 2 4 . . Catastrophic 1 | . . 1 . . Database Lockouts . | . . . . . Manual 1 | . 1 . . . Terminals 8 | . 3 5 . . Fabricators . | . . . . . Repair Stations . | . . . . . Recycling Units 2 | . 2 . . . Scanalyzers . | . . . . . Garrison Access 1 | . . . 1 . Terminal Hacks 2 | . 1 1 . . Prototype ID Bank 1 | . . 1 . . Locate Traps 1 | . 1 . . . Fabricator Hacks . | . . . . . Repair Station Hacks . | . . . . . Recycling Unit Hacks 2 | . 2 . . . Report Inventory 2 | . 2 . . . Scanalyzer . | . . . . . Garrison Access Hacks 1 | . . . 1 . Unlock Access 1 | . . . 1 . Unauthorized Hacks . | . . . . . Terminals . | . . . . . Fabricators . | . . . . . Repair Stations . | . . . . . Recycling Units . | . . . . . Scanalyzers . | . . . . . Garrison Access . | . . . . . Data Cores Recovered . | . . . . . Used . | . . . . . Hacking Detections 2 | . . 2 . . Full Trace Events 1 | . . 1 . . Feedback Events . | . . . . . Feedback Blocked . | . . . . . Robot Schematics Acquired . | . . . . . Robots Built . | . . . . . Matter . | . . . . . Time . | . . . . . Total Robot Build Rating . | . . . . . Part Schematics Acquired . | . . . . . Parts Built . | . . . . . Matter . | . . . . . Time . | . . . . . Total Part Build Rating . | . . . . . Parts Repaired . | . . . . . Time . | . . . . . Parts Recycled . | . . . . . Recycled Matter . | . . . . . Retrieved Matter . | . . . . . Retrieved Components . | . . . . . Parts Scanalyzed . | . . . . . Part Schematics Acquired . | . . . . . Parts Damaged . | . . . . . Bothacking | -11 -10 -9 -8 -8 ------------ Run | Scr Mat Mat Mat Gar Used RIF Installer 1 | . . . . 1 Robots Hacked . | . . . . . Non-combat . | . . . . . Combat . | . . . . . Robot Hacks Applied . | . . . . . Relay Couplers Released 3 | . . . . 3 Machine Destruction 3 | . . . . 3 Robots Rewired . | . . . . . Allies Hacked . | . . . . . Hacks Repelled . | . . . . . Allies | -11 -10 -9 -8 -8 -------- Run | Scr Mat Mat Mat Gar Total Allies . | . . . . . Largest Group . | . . . . . Highest-Rated Group . | . . . . . Highest-Rated Ally . | . . . . . Total Orders . | . . . . . Ally Attacks . | . . . . . Total Damage . | . . . . . Kills . | . . . . . Allies Corrupted . | . . . . . Allies Melted . | . . . . . Intel | -11 -10 -9 -8 -8 ------- Run | Scr Mat Mat Mat Gar Robot Analysis Total . | . . . . . Derelict Logs Recovered . | . . . . . Drone Launches . | . . . . . Drone Recoveries . | . . . . . Exploration | -11 -10 -9 -8 -8 ------------- Run | Scr Mat Mat Mat Gar Turns Passed 1203 | 55 188 474 128 358 Spaces Moved 706 | 46 145 295 80 140 Core 1 | 1 . . . . Treads 7 | . . . . 7 Legs . | . . . . . Wheels 698 | 45 145 295 80 133 Hover . | . . . . . Flight . | . . . . . Fastest Speed 50 | 50 90 110 115 115 Average Speed 116 | 92 107 114 115 140 Slowest Speed 180 | 100 110 115 115 180 Overloaded Moves . | . . . . . Propulsion Burnouts . | . . . . . Robots Hopped . | . . . . . Cave-ins Triggered . | . . . . . Exploration Rate (%) 20 | 3 31 26 14 28 Regions Visited 4 Branch Regions . Pre-discovered Areas . | . . . . . Known Exits Taken 1 | . . . 1 . Unknown Exits Taken 3 | 1 1 1 . . Scrap Searched . | . . . . . Spaces Dug . | . . . . . Terrain Destroyed . | . . . . . Melee . | . . . . . Projectile . | . . . . . AOE . | . . . . . Terrain Rammed . | . . . . . Walls Destroyed . | . . . . . Machines Disabled . | . . . . . Actions | -11 -10 -9 -8 -8 --------- Run | Scr Mat Mat Mat Gar Total 947 | 55 173 385 105 229 Wait 85 | . 20 49 2 14 Move 702 | 45 144 294 79 140 Hop . | . . . . . Pick Up 26 | 4 5 9 5 3 Fast Attach 16 | 6 1 4 3 2 Attach 13 | . . . 3 10 Detach . | . . . . . Swap 7 | . 1 3 1 2 Drop 12 | . . 3 6 3 Fire 69 | . 2 23 6 38 Melee . | . . . . . Ram . | . . . . . Kick . | . . . . . Crush 1 | . . . . 1 Escape Stasis 16 | . . . . 16 Rewire . | . . . . . Trap . | . . . . . Miscellaneous . | . . . . . Route ------- -11/Scrapyard -10/Materials -9/Materials -8/Materials -8/Garrison History --------- Turn | Location | Event 31 | -11/Scrapyard | Discovered new exit (range 15) 56 | -11/Scrapyard | Entered Materials 233 | -10/Materials | Discovered new exit (range 8) 244 | -10/Materials | Entered another Materials area 244 | -9/Materials | Evolved 2 slots: Utility x2 379 | -9/Materials | Build established: Hauler-Mutant 595 | -9/Materials | Discovered new exit (range 10) 718 | -9/Materials | Entered another Materials area 718 | -8/Materials | Evolved 2 slots: Utility x2 833 | -8/Materials | Identified exit to Garrison 846 | -8/Materials | Entered Garrison 852 | -8/Garrison | Installed Relay Interface Framework 890 | -8/Garrison | Triggered checkpoint 975 | -8/Garrison | Garrison Relay disabled 978 | -8/Garrison | Lost 3 parts (1p1n1u) 1112 | -8/Garrison | Triggered checkpoint 1122 | -8/Garrison | Triggered checkpoint 1185 | -8/Garrison | Core integrity fell below 50% 1199 | -8/Garrison | Core integrity fell below 20% 1204 | -8/Garrison | Destroyed by G-47 Trooper with Particle Gun Last Messages --------------- 01164_ G-47 Trooper knocked back. 01166_ Lgt. Treads destroyed. 01167_ G-47 Trooper destroyed. 01168_ Assault Cannon destroyed. 01173_ G-47 Trooper misfires. 01173_ Lgt. Treads destroyed. 01175_ Hvy. EM Shotgun destroyed. 01177_ Acquired Lgt. Armor Plating. 01177_ Lgt. Ion Engine destroyed. 01178_ Y-45 Defender destroyed. 01179_ Acquired 55 matter. 01182_ Acquired Aluminum Leg. 01183_ Lgt. Armor Plating destroyed. 01186_ Y-45 Defender destroyed. 01188_ Hvy. Assault Rifle destroyed. 01191_ Aluminum Leg destroyed. 01194_ Com. Wheel destroyed. 01197_ Hvy. Particle Gun destroyed. 01200_ Imp. Medium Laser destroyed. 01202_ Overheating: Energy bleed (-1). Map ----- +----------------------------------------------------+ | ???????????#" "#?????????????????????????????????? | | ??????????##" "#?????????????#???????????????????? | | ???????????#" "#?????????????????????????????????? | | ???????????## ##??????????#????????#?????????????? | | ???????????# #?????????????????????????????????? | | ???????????# #############???????????#?????????? | | ???????????# #?????????#???????????? | | ?????????#?# #?#???????????????????? | | #??????????############## #???????????#?????????? | | ??????#??#?#??#??#???##?# #????#????????????????? | | ?????????#??#?#?????????# #?????????????????????? | | ?????#??#??#????????????# ##????????????????????? | | ??????###?##???????#???## #??????#???#??????????? | | ?????##"####????????#???# #????????#?#??????????? | | ??#???#"[ #??????######## ###########???????????? | | ????###" [#??#????# #???????????? | | ??????# #?#?#???# ##### #??????#????? | | ??###?#"# #????#??# ###?# ######## #???????????? | | ??????### ######### #?#?#^ #??????# #???????????? | | ?????##?# + #^ g??????# #??????? ???? | | ????????#### ######??## ##? ???# #???????????? | | ??#????????# #???#????# #???##?# #???????????? | | ??????#????##"##??##?#??#[Y##????## #???????????? | | ???????#???## #?#??#??###=!#??????# #???? #?????? | | ??#???#?????# ##????????# l#?????## ## ## #?? | | ????????????# ###########@g####### #? | | ??#????##???# !+[g=g[ | | #????????##?#############%!*%! %! % | | ??#??#?????????#??#???############ ## ## ## | | #??????????????#?????#???????????# #? #??? #? | | ?????#??#???#?##???#?????#???????" ????? | | ????????????#?#????????#?????????" ??? | | ???????????????#?????#???????????" ?? | | ???????##?#?#??#?????#???????????" ?? | | ??????????????????#??????????????# ## ## ??? | | ???????????????? ??#?????????????# #? #?? ??? | | ??#?????????????????????????????? ?? ?????? | | ????????????????????????????????? ?? ????? | | ????????????????? ???????????????# ? ??????? | | ?????????#????????????????????????# ##??????????? | | ???????????????#??????????????????? #???????????? | | ???????????????????????????????#?????????????????? | | ?????????????????????????????????????????????????? | | ?????????????????????????????????????????????????? | | ?????????????????????????????????????????????????? | | ?????????????????????????????????????????????????? | | ?????????????????????????????????????????????????? | | ?????????????????????????????????????????????????? | | ?????????????????????????????????????????????????? | | ?????????????????????????????????????????????????? | +----------------------------------------------------+ Best States ------------- Heat Dissipation 31 Energy Generation 12 Energy Capacity 265 Matter Stores 300 Matter Capacity 300 Sight Range 16 Robot Scan Range 13 Terrain Scan Range 16 Terrain Scan Density 10 Armor Coverage 150 Evasion (%) 42 Armor Integrity Analysis 33 Recoil Reduction 2 Item Schematics ----------------- None Robot Schematics ------------------ None Fabricated ------------ Nothing Alien Tech Used ----------------- None Achievements -------------- None Challenges ------------ None Game ------ Seed LatentFireSteel Manual? 0 Play Time 00:20:58 Cumulative 359.2 hours Start 2021.02.18 @ 15:06:19 End 2021.02.18 @ 15:47:07 Sessions 1 Manual Loads 0 Difficulty Rogue Special Mode None Game No. 34 Rogue 3 Adventurer 31 Explorer 0 Win Type - Total 20 Types 15/0/2/3/0/0/0/0/0 Lore% 56 Gallery% 72 Achievement% 56 Wizard Run 0 Options --------- ASCII 0 Keyboard 0 Movement Arrows Keybinds 0 Fullscreen 1 Font 20/Terminus Map View 66x50 Tactical HUD 1 Map Filters NONE Filters NONE Steam 1 RUN: 2ae4cbf6-8cfe-47e3-9c6c-cbe8aa141bf0